 Dungeon Crawl Stone Soup version 0.20.0-8-g6b59dc7 (webtiles) character file.

83 Chakan the Magician (level 4, -7/30 HPs)
             Began as a Mummy Ice Elementalist on May 30, 2017.
             Mangled by an ogre
             ... wielding a +0 giant club
              (13 damage)
             ... on level 3 of the Dungeon on June 1, 2017.
             The game lasted 00:08:23 (2406 turns).

Chakan the Magician (Mummy Ice Elementalist)        Turns: 2406, Time: 00:08:24

Health: -7/30      AC:  2    Str: 11    XL:     4   Next: 22%
Magic:  3/10       EV: 12    Int: 15    God:
Gold:   114        SH:  0    Dex: 12    Spells: 11/12 levels left

rFire    x . .     SeeInvis .   e - +0 dagger
rCold    + . .     Gourm    .   (no shield)
rNeg     + + +     Faith    .   a - +0 robe
rPois    ∞         Spirit   .   (no helmet)
rElec    .         Reflect  .   (no cloak)
rCorr    .         Harm     .   (no gloves)
MR       .....                  (no boots)
Stlth    ++........             (no amulet)
Regen    0.1/turn               (no ring)
MPRegen  0.2/turn               (no ring)

@: no status effects
A: no food or potions, fire vulnerability, cold resistance 1, negative energy
resistance 3, torment resistance, unbreathing
a: no special abilities


You were on level 3 of the Dungeon.
You were not hungry.

You visited 1 branch of the dungeon, and saw 3 of its levels.

You collected 114 gold pieces.

Inventory:

Hand Weapons
 e - a +0 dagger (weapon)
 i - a +0 hunting sling
Missiles
 d - 19 arrows
 j - 41 stones (quivered)
 k - 6 javelins of returning
Armour
 a - a +0 robe (worn)
Scrolls
 c - a scroll of enchant weapon {unknown}
 f - 2 scrolls of remove curse {unknown}
 g - a scroll of recharging {unknown}
 h - a scroll of amnesia {unknown}
 l - a scroll of fear {unknown}
 m - a scroll of immolation {unknown}
Books
 b - a book of Frost

   Spells                             Type                      Level
   a - Freeze                         Ice                          1
   b - Throw Frost                    Conjuration/Ice              2
   c - Ozocubu's Armour               Charms/Ice                   3
   d - Throw Icicle                   Conjuration/Ice              4
   e - Summon Ice Beast               Ice/Summoning                4


   Skills:
 - Level 1.5 Dodging
 - Level 1.5 Stealth
 + Level 4.5 Spellcasting
   Level 0.7 Conjurations
 + Level 3.3 Ice Magic


You had 11 spell levels left.
You knew the following spells:

 Your Spells              Type           Power        Failure   Level  Hunger
a - Freeze                Ice            ##..         4%          1    N/A

Dungeon Overview and Level Annotations

Branches:
Dungeon (3/15)

Altars:


Innate Abilities, Weirdness & Mutations

You do not eat or drink.
Your flesh is vulnerable to fire.
You are immune to poison.
Your flesh is cold resistant. (rC+)
You are immune to negative energy. (rN+++)
You are immune to unholy pain and torment.
You can survive without breathing.


Message History

You freeze the ogre.
The ogre is heavily wounded.
The ogre hits you with a giant club!
* * * LOW HITPOINT WARNING * * *
Casting: Freeze
Confirm with . or Enter, or press ? or * to list all spells.
Aiming: Freeze
Press: ? - help, Shift-Dir - straight line, f/p - ogre
Aim: an ogre, wielding a giant club (heavily wounded)
You freeze the ogre.
The ogre is severely wounded.
Casting: Freeze
Confirm with . or Enter, or press ? or * to list all spells.
Aiming: Freeze
Press: ? - help, Shift-Dir - straight line, f/p - ogre
Aim: an ogre, wielding a giant club (severely wounded)
You freeze the ogre.
The ogre is almost dead.
The ogre hits you with a giant club!
You die...

#...............
#......#.###.##
#.....>..###.#
..............#
###.#.#.....#######.
#.#.##.#.......... .
................
...###.#.######## #
#@#.# #O#.# #. #.#.#
##.#####.#.#
...........#
...........#
#.....#...#
#.###..(..######## #
##............


You could see an ogre.

Vanquished Creatures
  2 adders (D:2)
  A worm (D:2)
  2 leopard geckos (D:2)
  3 giant cockroaches
  11 goblins
  8 hobgoblins
  4 jackals (D:3)
  5 kobolds
  8 bats
  3 frilled lizards
  7 rats
54 creatures vanquished.

Notes
Turn   | Place    | Note
-------+----------+-------------------------------------------
     0 | D:1      | Chakan the Mummy Ice Elementalist began the quest for the Orb.
     0 | D:1      | Reached XP level 1. HP: 13/13 MP: 4/4
   262 | D:1      | Reached skill level 3 in Spellcasting
   374 | D:1      | Reached XP level 2. HP: 17/19 MP: 1/6
  1277 | D:2      | Reached XP level 3. HP: 24/24 MP: 5/8
  1680 | D:2      | Reached skill level 4 in Spellcasting
  1953 | D:2      | Reached XP level 4. HP: 23/30 MP: 3/10
  2379 | D:3      | Noticed an ogre
  2406 | D:3      | Mangled by an ogre

Skill      XL: |  1  2  3 |
---------------+----------+-----
Spellcasting   | 3 4 |  4.5
Ice Magic      | 3 |  3.3
Dodging        | |  1.5
Stealth        | |  1.5
Conjurations   | |  0.7

Action                   |  1- 3 |  4- 6 || total
-------------------------+-------+-------++-------
Melee: Dagger            |    13 |     3 ||    16
 Fire: Hunting sling     |     5 |       ||     5
Throw: Stone             |       |     4 ||     4
 Cast: Freeze            |    81 |    21 ||   102
 Stab: Sleeping          |     3 |       ||     3
Armor: Robe              |    12 |     1 ||    13
Dodge: Dodged            |    49 |    14 ||    63
